 Dungeon Crawl Stone Soup version 0.26-a0-682-g294304f6e8 (webtiles) character file.

Game seed: 1050542794784265981

390293 Ijustatesigmund the Acrobat (level 22, -1/126 HPs)
             Began as a Spriggan Warper on Oct 19, 2020.
             Was the Champion of Okawaru.
             Slain by a spriggan defender
             ... wielding a +1 rapier of protection
              (22 damage)
             ... on level 1 of the Depths on Oct 20, 2020.
             The game lasted 02:59:50 (65244 turns).

Ijustatesigmund the Acrobat (Spriggan Warper)      Turns: 65244, Time: 02:59:51

Health: -1/126     AC: 16    Str: 14      XL:     22   Next: 8%
Magic:  35/35      EV: 34    Int: 29 (30) God:    Okawaru [******]
Gold:   1531       SH: 13    Dex: 28 (29) Spells: 26/38 levels left

rFire    + + +     SeeInvis +   x - +12 Vampire's Tooth {vamp}
rCold    x . .     Faith    .   V - +3 buckler {rN+}
rNeg     + . .     Spirit   .   n - +8 fire dragon scales
rPois    +         Reflect  .   h - +0 hat of Bampebic {+Inv Str+5} (curse)
rElec    +         Harm     .   k - scarf {repulsion}
rCorr    .         Rampage  .   (gloves unavailable)
MR       ++...                  (boots unavailable)
Stlth    ++++++....             A - amulet "Lovenny" {Regen+ Int+6 Dex+2}
HPRegen  0.71/turn              e - ring "Xirroa" {rElec rF+ Int+7 Slay+4}
MPRegen  0.24/turn              t - ring "Goumytet" {rPois MR- Dex+6 Slay+6 SInv}

@: repel missiles, very quick
A: very small, unfitting armour, beak, see invisible, deformed body, speed 3,
robust 1, subdued magic 1
}: 2/15 runes: decaying, serpentine
a: Heroism, Finesse, Renounce Religion, Evoke Invisibility


You were on level 1 of the Depths.
You worshipped Okawaru.
Okawaru was exalted by your worship.
You visited 8 branches of the dungeon, and saw 39 of its levels.
You visited 1 bazaar.
You also visited: Ossuary, Ice Cave and Desolation.

You collected 5572 gold pieces.
You spent 4041 gold pieces at shops.

Inventory:

Hand Weapons
 a - a +11 quick blade of draining
 g - the +7 hand crossbow of Action {venom, Str+3}
   (You bought it in a shop on level 2 of the Orcish Mines)

   It poisons the ammo it fires.
   It affects your strength (+3).
 x - the +12 Vampire's Tooth (weapon) {vamp}
   (Okawaru gifted it to you on level 1 of the Vaults)

   It inflicts no extra harm, but heals its wielder when it wounds a living foe.
Missiles
 c - 41 poisoned darts (quivered)
 Z - 1074 bolts
Armour
 h - the cursed +0 hat of Bampebic (worn) {+Inv Str+5}
   (You found it on level 1 of the Elven Halls)

   It affects your strength (+5).
   It lets you turn invisible.
   It has a curse placed upon it.
 k - a scarf of repulsion (worn)
 n - +8 fire dragon scales (worn)
 R - the +12 ice dragon scales of the Raven {Harm rElec rF- rC++ MR+ Int+2}
   (You acquired it on level 1 of the Snake Pit)

   It affects your intelligence (+2).
   It makes you vulnerable to fire.
   It greatly protects you from cold.
   It insulates you from electricity.
   It affects your resistance to hostile enchantments.
   It increases damage dealt and taken.
 V - a +3 buckler of positive energy (worn)
Jewellery
 b - an uncursed ring of protection from fire
 e - the ring "Xirroa" (left hand) {rElec rF+ Int+7 Slay+4}
   (You bought it in a shop in a bazaar)

   [ring of slaying]

   It affects your intelligence (+7).
   It affects your accuracy and damage with ranged weapons and melee attacks
   (+4).
   It protects you from fire.
   It insulates you from electricity.
 s - the ring of the Lily {rPois rC+ rCorr}
   (You found it on level 3 of the Elven Halls)

   [ring of resist corrosion]

   It protects you from cold.
   It protects you from poison.
   It provides partial protection from all sources of acid and corrosion.
 t - the ring "Goumytet" (right hand) {rPois MR- Dex+6 Slay+6 SInv}
   (You took it off a deep elf high priest on level 3 of the Elven Halls)

   [ring of dexterity]

   It affects your dexterity (+6).
   It affects your accuracy and damage with ranged weapons and melee attacks
   (+6).
   It protects you from poison.
   It affects your resistance to hostile enchantments.
   It lets you see invisible.
 y - the ring of Revien {*Contam *Corrode MR+ Str+6 Slay+5}
   (You acquired it on level 3 of the Lair of Beasts)

   [ring of protection from magic]

   It affects your strength (+6).
   It affects your accuracy and damage with ranged weapons and melee attacks
   (+5).
   It affects your resistance to hostile enchantments.
   It causes magical contamination when unequipped.
   It may corrode you when you take damage.
 z - an uncursed ring of positive energy
 A - the amulet "Lovenny" (around neck) {Regen+ Int+6 Dex+2}
   (You acquired it on level 3 of the Vaults)

   [amulet of regeneration]

   It affects your intelligence (+6).
   It affects your dexterity (+2).
   It increases your rate of regeneration.
 H - an uncursed amulet of reflection
 M - an uncursed ring of protection from cold
 U - the cursed necklace of Bloodlust {*Rage +Rage MR++ Int-3 Slay+6 *Curse}
   (You bought it in a shop in a bazaar)

   [amulet of nothing]

   It affects your intelligence (-3).
   It affects your accuracy and damage with ranged weapons and melee attacks
   (+6).
   It affects your resistance to hostile enchantments.
   It lets you go berserk.
   It may make you go berserk in combat.
   It curses itself when equipped.
   It has a curse placed upon it.
Wands
 i - a wand of acid (18)
 u - a wand of digging (18)
 C - a wand of paralysis (16)
 D - a wand of enslavement (10)
 I - a wand of disintegration (55)
 S - a wand of iceblast (8)
 Y - a wand of polymorph (42)
Scrolls
 d - 3 scrolls of blinking
 l - 3 scrolls of identify
 o - 12 scrolls of fog
 r - 17 scrolls of remove curse
 w - 4 scrolls of immolation
 K - 11 scrolls of teleportation
 N - 6 scrolls of fear
 O - a scroll of holy word
 T - 3 scrolls of silence
 X - a scroll of summoning
Potions
 f - 4 potions of might
 j - 4 potions of brilliance
 m - 5 potions of heal wounds
 p - 5 potions of stabbing
 q - 6 potions of flight
 v - 24 potions of curing
 E - 7 potions of ambrosia
 F - 3 potions of invisibility
 G - a potion of haste
 J - 4 potions of magic
 P - a potion of berserk rage
 Q - 2 potions of mutation
 W - 4 potions of resistance
Miscellaneous
 B - a phantom mirror
 L - a condenser vane (2/2)


   Skills:
 + Level 11.8 Fighting
 - Level 14.7 Short Blades
 - Level 7.3 Crossbows
 - Level 5.7 Throwing
 + Level 12.5 Armour
 - Level 22.0 Dodging
 - Level 18.6 Stealth
 - Level 7.4 Shields
 - Level 8.9 Spellcasting
 - Level 16.7 Translocations
 - Level 7.2 Air Magic
 - Level 14.4 Invocations
 - Level 6.7 Evocations


You had 26 spell levels left.
You knew the following spells:

 Your Spells              Type           Power        Failure   Level
a - Blink                 Tloc           N/A          0%          2
b - Passage of Golubria   Tloc           N/A          1%          4
c - Lesser Beckoning      Tloc           ######....   1%          3
d - Apportation           Tloc           ######       0%          1
e - Swiftness             Air            #####...     1%          2

Your spell library contained the following spells:

 Spells                   Type           Power        Failure   Level
 Gell's Gravitas          Tloc           ######....   1%          3
 Teleport Other           Tloc           ######..     1%          3
 Shock                    Conj/Air       ####         2%          1
 Poisonous Vapours        Pois/Air       ####..       4%          2
 Airstrike                Air            #####.....   6%          4
 Static Discharge         Conj/Air       ####....     9%          3
 Animate Skeleton         Necr           #.....       13%         1
 Corona                   Hex            #......      13%         1
 Foxfire                  Conj/Fire      #...         13%         1
 Sting                    Tmut/Pois      #...         13%         1
 Summon Small Mammal      Summ           #...         13%         1
 Mephitic Cloud           Conj/Pois/Air  ###.....     14%         3
 Ensorcelled Hibernation  Hex/Ice        #.....       21%         2
 Sublimation of Blood     Necr           #.........   21%         2
 Summon Lightning Spire   Summ/Air       ####....     30%         4
 Confusing Touch          Hex            #.......     38%         3
 Conjure Flame            Conj/Fire      #.......     38%         3
 Ignite Poison            Fire/Tmut/Pois #.......     38%         3
 Inner Flame              Hex/Fire       #.......     38%         3
 Spider Form              Tmut/Pois      #.........   38%         3
 Lightning Bolt           Conj/Air       ####......   63%         5
 Silence                  Hex/Air        ####......   63%         5
 Ice Form                 Ice/Tmut       #.......     80%         4
 Olgreb's Toxic Radiance  Pois           #.......     80%         4
 Petrify                  Tmut/Erth      #.......     80%         4
 Sticky Flame             Conj/Fire      #.......     80%         4
 Alistair's Intoxication  Tmut/Pois      #........    99%         5
 Borgnjor's Vile Clutch   Necr/Erth      #.........   99%         5
 Fireball                 Conj/Fire      #.........   99%         5
 Irradiate                Conj/Tmut      #.........   99%         5
 Metabolic Englaciation   Hex/Ice        #.........   99%         5
 Yara's Violent Unravell  Hex/Tmut       #.........   99%         5
 Conjure Ball Lightning   Conj/Air       ####......   99%         6
 Eringya's Noxious Bog    Tmut/Pois      #.........   100%        6
 Freezing Cloud           Conj/Ice/Air   ###.......   100%        6
 Ozocubu's Refrigeration  Ice            #.........   100%        6
 Shadow Creatures         Summ           N/A          100%        6
 Simulacrum               Ice/Necr       #.........   100%        6
 Tornado                  Air            #####.....   100%        9


Dungeon Overview and Level Annotations

Branches:
Dungeon (15/15)            Temple (0/1) D:4            Lair (6/6) D:10
  Swamp (4/4) Lair:2        Snake (4/4) Lair:4        Slime (0/5) Lair:6
    Orc (2/2) D:11            Elf (3/3) Orc:2        Vaults (4/5) D:13
  Crypt (0/3) Vaults:3     Depths (1/5) D:15        Ossuary (visited)
  IceCv (visited)         Desolation (visited)

Altars:
Ashenzari
Dithmenos
Elyvilon
Kikubaaqudgha
Nemelex Xobeh
Okawaru
Ru
Trog
Vehumet
Xom
The Shining One
Beogh
Jiyva

Shops:
D:5 [   D:6 *   D:8 !}   D:9 [   Orc:2 (:[*   Elf:1 (   Elf:2 *   Snake:1 }=}
Vaults:3 =

Annotations:
Lair:2 exclusion: oklob plant
Abyss:1 Crazy Yiuf; Gastronok


Innate Abilities, Weirdness & Mutations

You are very small and have problems with some larger weapons.
You are too small for most types of armour.
You have supernaturally acute eyesight. (SInv)
You cover ground extremely quickly.
You have a beak for a mouth.
Armour fits poorly on your strangely shaped body.
You are robust. (+10% HP)
Your spells are a little easier to cast, but a little less powerful.


Message History

The spriggan defender is moderately wounded.
You hit the spriggan defender but do no damage.
The spriggan defender is moderately wounded.
The death yak gores you!
A spriggan air mage comes into view.
The spriggan defender hits you with a +1 rapier of protection!
The spriggan defender blocks your attack.
The spriggan defender is moderately wounded.
The polar bear bites you but does no damage.
You block the polar bear's attack. x2
The spriggan air mage waves its arms in wide circles.
The air twists around and strikes you!!
* * * LOW HITPOINT WARNING * * *
You block the spriggan berserker's attack.
The juggernaut hits you!!
* * * LOW HITPOINT WARNING * * *
You block the juggernaut's attack.
You feel much better. You block the death yak's attack.
The spriggan defender hits you with a +1 rapier of protection!!
You die...

.... .. ###.i# ..# .!#..#
.... ?....#
....##++##....####
..................
..................
...##''##ih....##
#..#C@i....?# #..#Y!#..#..#
+####..####++####
.................
##..........##..
####....##################
..........................
...........................
..PPP......................


You could see a juggernaut, a death yak (summoned, berserk), a spriggan
defender, a spriggan berserker (regenerating, resisting magic), a spriggan air
mage (repels missiles) and a polar bear (summoned, berserk).

Vanquished Creatures
  Margery (Vaults:3)
  Vashnia (Snake:3)
  Nikola (Vaults:1)
  The ghost of Osotiubb the Warrior, an adept HOFi of Fedhas (Elf:1)
  A tentacled monstrosity (Swamp:4)
  Rupert (D:12)
  Jorgrun (Swamp:1)
  2 deep elf blademasters (Elf:3)
  2 deep elf master archers (Elf:3)
  A sphinx (Vaults:2)
  3 thorn hunters
  Kirke (D:12)
  A tengu reaver (Vaults:3)
  Donald (Swamp:2)
  10 nagarajas
  7 deep elf sorcerers
  A frost giant (IceCv)
  The ghost of feta the Protected, an adept BaIE of Cheibriados (Swamp:4)
  2 fire giants
  8 vault wardens
  Aizul (Vaults:3)
  2 orc warlords (Orc:2)
  3 deep elf elementalists (Elf:3)
  10 ironheart preservers
  An entropy weaver (Vaults:2)
  A very ugly thing (Vaults:2)
  6 stone giants
  5 deep elf demonologists
  6 deep elf annihilators (Elf:3)
  Snorg (D:12)
  6 deep elf death magi (Elf:3)
  2 green deaths (Swamp:4)
  2 fire dragons
  8 yaktaur captains
  A deep elf high priest (Elf:3)
  Josephine (Orc:1)
  5 ice dragons
  3 great orbs of eyes
  18 naga warriors
  Fannar (Orc:1)
  22 hydras
  5 rakshasas
  5 boulder beetles
  8 vault guards
  A ghost crab (Swamp:4)
  2 shambling mangroves
  10 ogre magi
  Erica (Orc:1)
  30 two-headed ogres
  2 catoblepae
  6 centaur warriors
  3 death knights
  26 dancing weapons
  13 anacondas
  9 alligators
  2 deep troll shamans
  9 death yaks
  A deep troll earth mage (Vaults:1)
  9 shock serpents
  A death yak (shapeshifter) (Elf:1)
  A tengu warrior (D:15)
  6 hell knights (Vaults:3)
  17 naga sharpshooters
  3 orc high priests
  4 spriggans
  18 deep elf knights
  A thrashing horror (Swamp:4)
  4 salamander mystics
  A shadow wraith (Vaults:3)
  2 unseen horrors (D:14)
  2 flayed ghosts (Vaults:4)
  A deep troll (shapeshifter) (Vaults:3)
  An unseen horror (shapeshifter) (Vaults:4)
  5 swamp dragons
  16 deep trolls
  4 sea snakes (Snake:2)
  12 ironbrand convokers
  4 wizards
  11 deep elf archers
  3 necromancers
  10 naga ritualists
  A lindwurm (Lair:6)
  12 orc knights
  32 ugly things
  8 harpies
  2 wolf spiders
  3 large abominations (Swamp:4)
  2 manticores (D:14)
  57 deep elf magi
  5 orc sorcerers
  14 mana vipers
  11 salamanders
  2 stone giant skeletons (Depths:1)
  3 cyclopes
  A water nymph (shapeshifter) (Vaults:3)
  A guardian serpent (shapeshifter) (D:14)
  3 centaur zombies
  17 naga magi
  17 vault sentinels
  23 elephants
  The ghost of mora the Skirmisher, a novice DrTm (D:5)
  An ice statue (IceCv)
  A torpor snail (Lair:2)
  44 black mambas
  5 guardian serpents (Snake:4)
  5 centaur skeletons
  6 gargoyles
  2 kobold demonologists
  16 cane toads
  9 komodo dragons
  An efreet (D:14)
  A yaktaur zombie (Depths:1)
  2 rime drakes
  2 freezing wraiths (Vaults:4)
  2 orange demons (Swamp:4)
  2 ice devils (Lair:3)
  21 yaktaurs
  A jumping spider (Vaults:2)
  3 tengu conjurers
  2 queen bees (shapeshifter)
  13 hornets
  6 trolls
  19 polar bears
  18 blink frogs
  13 bog bodies
  4 tyrant leeches
  A fire giant simulacrum (Vaults:1)
  21 slime creatures
  6 dream sheep (Lair:6)
  A saltling (Desolation)
  A meliai zombie (D:14)
  A frost giant simulacrum (Vaults:3)
  2 ice dragon zombies (Depths:1)
  6 wyverns
  A small abomination (Swamp:4)
  A vampire (D:15)
  A centaur simulacrum (D:14)
  3 air elementals
  A tarantella (Vaults:2)
  2 redbacks (Vaults:2)
  2 water elementals
  9 wraiths
  5 shadows
  65 yaks
  A fire elemental (Elf:1)
  A human (D:13)
  Grum (Lair:1)
  7 hogs
  6 basilisks
  A warg (shapeshifter) (D:14)
  44 nagas
  17 vampire mosquitoes
  14 insubstantial wisps
  A steam dragon (D:10)
  4 wargs
  Edmund (D:4)
  2 acid dragons
  26 swamp worms
  Duvessa (D:4)
  23 water moccasins
  42 orc warriors
  An ice beast (shapeshifter) (D:14)
  2 sky beasts
  4 black bears
  6 swamp drakes
  An ice beast (D:10)
  A phantom (D:4)
  An eye of draining (shapeshifter) (Vaults:4)
  7 necrophages
  A boggart (Elf:1)
  A tengu (shapeshifter) (Vaults:3)
  25 ogres
  62 wolves
  12 centaurs
  5 big kobolds
  15 bullfrogs
  A wyvern zombie (D:13)
  4 earth elementals
  2 water moccasin zombies (Ossuary)
  6 scorpions
  A water moccasin skeleton (D:9)
  Dowan (D:4)
  2 howler monkeys
  A human simulacrum (Vaults:1)
  4 killer bees (D:12)
  19 wights
  3 electric eels
  A bullfrog zombie (D:11)
  5 hounds
  8 jellies
  2 bullfrog skeletons (D:11)
  27 orc wizards
  27 orc priests
  4 worker ants
  A killer bee zombie (D:8)
  A mummy (Ossuary)
  3 gnolls
  15 adders
  5 shadow imps
  3 white imps
  An ooze (D:1)
  5 adder zombies
  2 adder skeletons
  A worm (D:2)
  3 dart slugs
  3 leopard geckos
  95 orcs
  5 giant cockroaches
  6 hobgoblins
  15 jackals
  12 kobolds
  6 quokkas
  3 ball pythons
  5 bats
  6 frilled lizards
  4 gnoll zombies (Ossuary)
  7 goblins
  5 hobgoblin zombies (Ossuary)
  3 kobold zombies (Ossuary)
  10 orc zombies (Ossuary)
  6 rats
  2 briar patches (Swamp:3)
1651 creatures vanquished.

Vanquished Creatures (collateral kills)
  A hydra (Swamp:4)
  An anaconda (Snake:2)
  An ogre mage (Vaults:3)
3 creatures vanquished.

Vanquished Creatures (others)
  A dancing weapon (Elf:1)
  A deep elf knight (Elf:1)
  A swamp dragon (Swamp:4)
  A harpy (Vaults:4)
  A deep elf archer (Elf:1)
  4 deep elf magi (Elf:1)
  A black mamba (Snake:3)
  A naga mage (Snake:4)
  2 saltlings (Desolation)
  An orc warrior (Vaults:4)
  A sky beast (D:10)
  A human (D:7)
  An orc (D:10)
  A briar patch (Swamp:3)
  A bush (Lair:2)
  31 fungi
  149 plants
199 creatures vanquished.

Grand Total: 1853 creatures vanquished

Notes
Turn   | Place    | Note
-------+----------+-------------------------------------------
     0 | D:1      | Ijustatesigmund the Spriggan Warper began the quest for the
                  | Orb.
     0 | D:1      | Reached XP level 1. HP: 10/10 MP: 5/5
   153 | D:1      | Reached XP level 2. HP: 15/15 MP: 6/6
   157 | D:1      | Learned a level 2 spell: Blink
   218 | D:1      | Reached skill level 4 in Dodging
   625 | D:1      | Reached XP level 3. HP: 13/18 MP: 8/8
  1162 | D:2      | Gained mutation: Your magical capacity is low. (-10% MP)
                  | [potion of mutation]
  1162 | D:2      | Gained mutation: You are frail. (-10% HP) [potion of
                  | mutation]
  1162 | D:2      | Gained mutation: You passively map a small area around you.
                  | [potion of mutation]
  2139 | D:2      | Reached skill level 5 in Translocations
  2198 | D:2      | Reached XP level 4. HP: 11/20 MP: 8/8
  3016 | D:3      | Reached skill level 5 in Dodging
  3016 | D:3      | Reached XP level 5. HP: 24/24 MP: 9/9
  3066 | D:4      | Noticed Edmund
  3066 | D:4      | Noticed a phantom
  3344 | D:3      | HP: 1/24 [orc priest/divine providence (13)]
  4318 | D:3      | Reached XP level 6. HP: 26/28 MP: 10/10
  4539 | D:4      | Reached skill level 6 in Dodging
  4557 | D:5      | Entered Level 5 of the Dungeon
  4854 | D:4      | Found a sparkling altar of Nemelex Xobeh.
  4916 | D:3      | Lost mutation: You are frail. (-10% HP) [potion of
                  | mutation]
  4916 | D:3      | Lost mutation: You passively map a small area around you.
                  | [potion of mutation]
  4916 | D:3      | Lost mutation: Your magical capacity is low. (-10% MP)
                  | [potion of mutation]
  4916 | D:3      | Gained mutation: You expend magic power (3 MP) to
                  | strengthen your wands. [potion of mutation]
  4916 | D:3      | Gained mutation: Your flesh is cold resistant. (rC+)
                  | [potion of mutation]
  4996 | D:4      | Killed Edmund
  4996 | D:4      | Reached XP level 7. HP: 24/36 MP: 12/12
  5182 | D:4      | Found a staircase to the Ecumenical Temple.
  5511 | D:4      | Noticed Dowan
  5513 | D:4      | Noticed Duvessa
  5549 | D:4      | Killed Dowan
  5571 | D:4      | Killed Duvessa
  5571 | D:4      | Reached skill level 5 in Short Blades
  5918 | D:4      | Reached skill level 7 in Dodging
  5973 | D:4      | Reached skill level 1 in Stealth
  6527 | D:5      | Found a large runed translucent door.
  6529 | D:5      | Found Untiboips's Antique Armour Shoppe.
  6529 | D:5      | Found a large runed translucent door.
  6529 | D:5      | Noticed mora's ghost (novice DrTm)
  6883 | D:6      | Reached XP level 8. HP: 38/42 MP: 13/13
  7333 | D:6      | Found Jonizxo's Assorted Antiques.
  7336 | D:6      | Bought a scroll labeled EJULIKLU UGOT for 30 gold pieces
  7336 | D:6      | Bought a runed copper wand for 120 gold pieces
  7336 | D:6      | Bought a lumpy golden potion for 27 gold pieces
  7336 | D:6      | Bought a pink potion for 27 gold pieces
  7526 | D:6      | Found a sand-covered staircase.
  7536 | Ossuary  | Entered an ossuary
  7645 | Ossuary  | Reached skill level 5 in Stealth
  8024 | D:7      | Reached skill level 5 in Fighting
  8052 | D:7      | Reached XP level 9. HP: 47/47 MP: 11/14
  8058 | D:7      | Learned a level 4 spell: Passage of Golubria
  8073 | D:7      | Found a shadowy altar of Dithmenos.
  8720 | D:7      | Found an ancient bone altar of Kikubaaqudgha.
  9202 | D:8      | Found Nujauhyd's Distillery.
  9208 | D:8      | Bought a potion of heal wounds for 60 gold pieces
  9208 | D:8      | Bought a potion of curing for 36 gold pieces
  9235 | D:8      | Found Puefaol's Gadget Shoppe.
  9519 | D:8      | Reached skill level 5 in Throwing
  9858 | D:8      | Noticed a purple ugly thing
  9864 | D:8      | Banished a purple ugly thing
  9929 | D:8      | Found a bloodstained altar of Trog.
  9929 | D:8      | Found a faded altar of an unknown god.
  9934 | D:8      | Found a broken altar of Ashenzari.
  9936 | D:8      | Found an iron altar of Okawaru.
  9937 | D:8      | Found a white marble altar of Elyvilon.
  9946 | D:8      | Became a worshipper of Warmaster Okawaru
 10087 | D:9      | Reached XP level 10. HP: 31/53 MP: 9/15
 10105 | D:10     | Entered Level 10 of the Dungeon
 10109 | D:10     | Reached skill level 1 in Invocations
 10995 | D:9      | Reached * piety under Okawaru
 11271 | D:9      | Reached skill level 10 in Stealth
 11523 | D:9      | Noticed Gastronok
 11536 | D:9      | Banished Gastronok
 11611 | D:9      | Found Duyl Nurr's Antique Armour Shop.
 11619 | D:9      | Bought a glowing robe for 96 gold pieces
 12045 | D:8      | Reached XP level 11. HP: 31/58 MP: 7/16
 12527 | D:10     | Found a staircase to the Lair.
 12633 | D:6      | Found a runed translucent door.
 12634 | D:6      | Noticed Crazy Yiuf
 12638 | D:6      | Banished Crazy Yiuf
 12658 | D:6      | Gained mutation: Armour fits poorly on your strangely
                  | shaped body. [mutagenic glow]
 13133 | D:10     | Reached ** piety under Okawaru
 13134 | D:10     | Reached skill level 5 in Invocations
 13137 | D:10     | Found a radiant altar of Vehumet.
 13143 | D:10     | Reached skill level 10 in Short Blades
 14210 | D:10     | Noticed a sixfirhy
 14218 | D:10     | Noticed a sun demon
 14595 | D:10     | Noticed a soul eater
 14859 | D:10     | Reached *** piety under Okawaru
 15130 | D:11     | Found a staircase to the Orcish Mines.
 15773 | D:11     | Reached skill level 8 in Dodging
 16110 | D:11     | Noticed a two-headed ogre
 16116 | D:11     | Killed a two-headed ogre
 16116 | D:11     | Reached **** piety under Okawaru
 16179 | D:11     | Noticed a cyan ugly thing
 16184 | D:11     | Killed a cyan ugly thing
 16192 | D:11     | Noticed a two-headed ogre
 16239 | D:11     | Killed a two-headed ogre
 16385 | D:11     | Reached ***** piety under Okawaru
 16770 | D:12     | Noticed a cyan ugly thing
 16772 | D:12     | Noticed Snorg
 17238 | D:12     | Killed Snorg
 17238 | D:12     | Reached skill level 9 in Dodging
 17238 | D:12     | Reached XP level 12. HP: 42/65 MP: 3/18
 17401 | D:12     | Found a glowing golden altar of the Shining One.
 17500 | D:12     | Found a sacrificial altar of Ru.
 17580 | D:12     | Noticed Rupert
 17754 | D:12     | Learned a level 3 spell: Lesser Beckoning
 18134 | D:12     | Killed Rupert
 18134 | D:12     | Received a gift from Okawaru
 18453 | D:11     | Reached skill level 10 in Dodging
 18926 | D:12     | Received a gift from Okawaru
 18927 | D:12     | Got a distressingly furry robe {god gift}
 19090 | D:12     | Identified the +0 robe of Suluxt {rPois Dex+3} (Okawaru
                  | gifted it to you on level 12 of the Dungeon)
 19430 | D:13     | Noticed Kirke
 19661 | D:12     | Reached skill level 1 in Evocations
 19875 | D:12     | Noticed a sphinx
 20127 | D:12     | Killed Kirke
 20233 | D:13     | Noticed a vault guard
 20641 | D:13     | Noticed an ogre mage
 20644 | D:13     | Killed a vault guard
 20644 | D:13     | Reached skill level 1 in Armour
 20901 | D:13     | Noticed a centaur warrior
 20903 | D:13     | Noticed a centaur warrior
 20925 | D:13     | Killed a centaur warrior
 20936 | D:13     | Killed a centaur warrior
 20936 | D:13     | Reached skill level 5 in Evocations
 20947 | D:13     | Noticed a two-headed ogre
 20948 | D:13     | Noticed a two-headed ogre
 20959 | D:13     | Killed a two-headed ogre
 20959 | D:13     | Reached XP level 13. HP: 45/71 MP: 4/19
 21260 | D:13     | Found a shimmering altar of Xom.
 21830 | D:14     | Reached skill level 10 in Fighting
 21908 | D:14     | Received a gift from Okawaru
 22698 | D:13     | Found a gate to the Vaults.
 22701 | D:13     | Reached skill level 1 in Shields
 22852 | D:14     | Received a gift from Okawaru
 23408 | Lair:1   | Entered Level 1 of the Lair of Beasts
 23408 | Lair:1   | Noticed Grum
 23444 | Lair:1   | Killed Grum
 24758 | Lair:2   | Received a gift from Okawaru
 24761 | Lair:2   | Reached skill level 10 in Invocations
 24986 | Lair:2   | Reached XP level 14. HP: 27/77 MP: 4/22
 24987 | Lair:2   | Reached ****** piety under Okawaru
 25236 | Lair:2   | Reached skill level 5 in Shields
 25339 | Lair:2   | Received a gift from Okawaru
 25772 | Lair:2   | Found a staircase to the Swamp.
 26158 | Lair:3   | Identified a scroll of acquirement
 26158 | Lair:3   | Acquired the ring of Revien {*Contam *Corrode MR+ Str+6
                  | Slay+5}
 26519 | Lair:3   | Found a frozen archway.
 26546 | IceCv    | Entered an ice cave
 26820 | IceCv    | Received a gift from Okawaru
 26878 | IceCv    | Reached skill level 11 in Dodging
 27341 | IceCv    | Noticed a frost giant
 27385 | IceCv    | Killed a frost giant
 29129 | Lair:4   | Found a staircase to the Snake Pit.
 29549 | Lair:4   | Reached XP level 15. HP: 56/80 MP: 24/24
 30326 | Lair:5   | Received a gift from Okawaru
 30812 | Lair:6   | Entered Level 6 of the Lair of Beasts
 31238 | Lair:6   | Received a gift from Okawaru
 32031 | Lair:6   | Found a viscous altar of Jiyva.
 32032 | Lair:6   | Found a staircase to the Slime Pits.
 32082 | Lair:6   | Reached skill level 15 in Stealth
 32332 | Lair:6   | Reached skill level 5 in Armour
 32841 | Orc:1    | Entered Level 1 of the Orcish Mines
 33275 | Orc:1    | Noticed Fannar
 33280 | Orc:1    | Noticed Josephine
 33299 | Orc:1    | Killed Fannar
 33311 | Orc:1    | Killed Josephine
 33357 | Orc:1    | Noticed Erica
 33369 | Orc:1    | Killed Erica
 34088 | Orc:2    | Entered Level 2 of the Orcish Mines
 34136 | Orc:2    | Found a roughly hewn altar of Beogh.
 34537 | Orc:2    | Found a staircase to the Elven Halls.
 34671 | Orc:2    | Noticed an orc warlord
 34853 | Orc:2    | Noticed an orc warlord
 35101 | Orc:2    | Received a gift from Okawaru
 35328 | Orc:2    | Killed an orc warlord
 35409 | Orc:2    | Killed an orc warlord
 35574 | Orc:2    | Found Wupaejen's Antique Weapon Shoppe.
 35580 | Orc:2    | Found Ziwooch's Antique Armour Shoppe.
 35749 | Orc:2    | Found Plog's Book Shoppe.
 35932 | Orc:2    | Found Fepi's General Store.
 35938 | Orc:2    | Bought a scroll of brand weapon for 240 gold pieces
 35955 | Orc:2    | Bought a faintly glowing hand crossbow for 272 gold pieces
 35955 | Orc:2    | Identified the +7 hand crossbow of Action {venom, Str+3}
                  | (You bought it in a shop on level 2 of the Orcish Mines)
 36316 | D:5      | Bought the +2 ratskin cloak {*Rats rPois rN+ Str-1 Int-1
                  | Dex+1} for 945 gold pieces
 36316 | D:5      | Found the +2 ratskin cloak {*Rats rPois rN+ Str-1 Int-1
                  | Dex+1}
 36353 | D:5      | Killed mora's ghost
 36507 | Lair:2   | Reached XP level 16. HP: 85/85 MP: 26/26
 36559 | Snake:1  | Entered Level 1 of the Snake Pit
 36674 | Snake:1  | Found Duunn's Gadget Shoppe.
 36679 | Snake:1  | Acquired the +12 ice dragon scales of the Raven {Harm rElec
                  | rF- rC++ MR+ Int+2}
 36707 | Snake:1  | Found Offeir's Jewellery Boutique.
 36708 | Snake:1  | Found Vawiorghy's Gadget Shoppe.
 36783 | Snake:1  | Reached skill level 12 in Dodging
 37430 | Swamp:1  | Entered Level 1 of the Swamp
 37498 | Swamp:1  | Reached skill level 1 in Crossbows
 37787 | Swamp:1  | Noticed Jorgrun
 37793 | Swamp:1  | Killed Jorgrun
 37793 | Swamp:1  | Received a gift from Okawaru
 37796 | Swamp:1  | Identified the +2 robe of Infinity {rF++} (Okawaru gifted
                  | it to you on level 1 of the Swamp)
 38330 | Swamp:2  | Noticed Donald
 38908 | Swamp:2  | Killed Donald
 38908 | Swamp:2  | Reached skill level 5 in Crossbows
 39608 | Swamp:3  | Noticed a thorn hunter
 39630 | Swamp:3  | Killed a thorn hunter
 40141 | Swamp:3  | Received a gift from Okawaru
 41006 | Swamp:3  | Learned a level 1 spell: Apportation
 41018 | Swamp:4  | Entered Level 4 of the Swamp
 41430 | Swamp:4  | Noticed a thorn hunter
 41448 | Swamp:4  | Killed a thorn hunter
 41771 | Swamp:4  | Found a runed translucent door.
 41774 | Swamp:4  | Noticed a thorn hunter
 41788 | Swamp:4  | Killed a thorn hunter
 41832 | Swamp:4  | Reached XP level 17. HP: 78/93 MP: 27/27
 41886 | Swamp:4  | Noticed feta's ghost (adept BaIE)
 41934 | Swamp:4  | Killed feta's ghost
 41998 | Swamp:4  | Noticed a tentacled monstrosity
 42029 | Swamp:4  | Killed a tentacled monstrosity
 42689 | Swamp:4  | Received a gift from Okawaru
 42689 | Swamp:4  | Reached skill level 13 in Dodging
 42728 | Swamp:4  | Received a gift from Okawaru
 42879 | Swamp:4  | Got a decaying rune of Zot
 44083 | D:15     | Entered Level 15 of the Dungeon
 44106 | D:15     | Found a staircase to the Depths.
 44437 | D:15     | Received a gift from Okawaru
 46075 | Snake:2  | Reached skill level 10 in Translocations
 46151 | Snake:2  | Received a gift from Okawaru
 46960 | Snake:2  | Received a gift from Okawaru
 47007 | Snake:2  | Identified the +5 gold dragon scales the Carved Cicada
                  | {Rampage rPois rF+ rC+ Str+4 Stlth-} (Okawaru gifted it to
                  | you on level 2 of the Snake Pit)
 48138 | Snake:3  | Reached XP level 18. HP: 98/98 MP: 28/28
 49688 | Snake:3  | Noticed Vashnia
 49713 | Snake:3  | Killed Vashnia
 50933 | Snake:4  | Entered Level 4 of the Snake Pit
 50940 | Snake:4  | Received a gift from Okawaru
 51018 | Snake:4  | Received a gift from Okawaru
 51070 | Snake:4  | Reached skill level 14 in Dodging
 52267 | Snake:4  | Received a gift from Okawaru
 52619 | Snake:4  | Received a gift from Okawaru
 52619 | Snake:4  | Reached skill level 15 in Dodging
 52967 | Snake:4  | Identified the +6 mace of Ihiul {freeze, rC+}
 53110 | Snake:4  | Received a gift from Okawaru
 53204 | Snake:4  | Reached XP level 19. HP: 97/102 MP: 30/30
 53262 | Snake:4  | Got a serpentine rune of Zot
 54515 | Vaults:1 | Entered Level 1 of the Vaults
 54813 | Vaults:1 | Noticed Nikola
 54850 | Vaults:1 | Killed Nikola
 55170 | Vaults:1 | Reached skill level 16 in Dodging
 55310 | Vaults:1 | Upgraded the game from 0.26-a0-670-g578ab304f5 to
                  | 0.26-a0-682-g294304f6e8
 55398 | Vaults:1 | Received a gift from Okawaru
 55399 | Vaults:1 | Found the +12 Vampire's Tooth {vamp}
 56340 | Vaults:2 | Reached skill level 17 in Dodging
 56354 | Vaults:2 | Received a gift from Okawaru
 56432 | Vaults:2 | Identified the +0 robe of Okawaru's Favour {rN+ Regen+
                  | Int-3} (Okawaru gifted it to you on level 2 of the Vaults)
 56532 | Vaults:2 | Reached skill level 18 in Dodging
 57047 | Vaults:2 | Reached skill level 19 in Dodging
 57665 | Vaults:3 | Reached XP level 20. HP: 106/106 MP: 31/31
 57676 | Vaults:3 | Reached skill level 20 in Dodging
 57724 | Vaults:3 | Noticed Margery
 57747 | Vaults:3 | Killed Margery
 57956 | Vaults:3 | Found Angosimm's Jewellery Shoppe.
 57990 | Vaults:3 | Noticed Aizul
 57997 | Vaults:3 | Killed Aizul
 57997 | Vaults:3 | Reached skill level 21 in Dodging
 58090 | Vaults:3 | Received a gift from Okawaru
 58225 | Vaults:3 | Received a gift from Okawaru
 58327 | Vaults:3 | Learned a level 2 spell: Swiftness
 58344 | Vaults:3 | Reached skill level 22 in Dodging
 58958 | Vaults:3 | Found a staircase to the Crypt.
 59065 | Vaults:3 | Acquired the amulet "Lovenny" {Regen+ Int+6 Dex+2}
 59137 | Vaults:3 | Reached skill level 5 in Spellcasting
 59209 | Vaults:4 | Reached skill level 15 in Translocations
 59274 | Vaults:4 | Found a flickering gateway to a bazaar.
 59370 | Bazaar   | Entered a bazaar
 59409 | Bazaar   | Found Poawn's Gadget Boutique.
 59451 | Bazaar   | Found Seoving's Magic Scroll Shoppe.
 59504 | Bazaar   | Found Pivix's Magic Scroll Shoppe.
 59561 | Bazaar   | Found Pakhus's Jewellery Shoppe.
 59569 | Bazaar   | Bought the ring "Xirroa" {rElec rF+ Int+7 Slay+4} for 1423
                  | gold pieces
 59840 | Bazaar   | Bought a scroll of identify for 14 gold pieces
 59840 | Bazaar   | Bought a scroll of identify for 14 gold pieces
 59840 | Bazaar   | Bought 3 scrolls of teleportation for 63 gold pieces
 59870 | Bazaar   | Bought a scroll of blinking for 67 gold pieces
 59870 | Bazaar   | Bought a scroll of blinking for 67 gold pieces
 59870 | Bazaar   | Bought a scroll of fog for 18 gold pieces
 59943 | Bazaar   | Bought the cursed necklace of Bloodlust {*Rage +Rage MR++
                  | Int-3 Slay+6 *Curse} for 522 gold pieces
 59943 | Bazaar   | Found the cursed necklace of Bloodlust {*Rage +Rage MR++
                  | Int-3 Slay+6 *Curse}
 60188 | Vaults:4 | Received a gift from Okawaru
 60397 | Vaults:4 | Received a gift from Okawaru
 60567 | Vaults:4 | Received a gift from Okawaru
 61176 | Elf:1    | Entered Level 1 of the Elven Halls
 61178 | Elf:1    | Reached XP level 21. HP: 110/110 MP: 34/34
 61183 | Elf:1    | Reached skill level 1 in Air Magic
 61490 | Elf:1    | Found Tus Vuot's Weapon Emporium.
 61651 | Elf:1    | Reached skill level 5 in Air Magic
 61892 | Elf:1    | Found a runed translucent gate.
 61892 | Elf:1    | Found a runed translucent gate.
 61892 | Elf:1    | Found a runed translucent gate.
 61897 | Elf:1    | Noticed Osotiubb's ghost (adept HOFi)
 62200 | Elf:1    | Identified the cursed +0 hat of Bampebic {+Inv Str+5} (You
                  | found it on level 1 of the Elven Halls)
 62293 | Elf:1    | Killed Osotiubb's ghost
 62561 | Elf:2    | Received a gift from Okawaru
 62626 | Elf:2    | Found a runed translucent gate.
 62643 | Elf:2    | Found a runed translucent gate.
 62644 | Elf:2    | Found a runed translucent gate.
 62670 | Elf:2    | Found Jushrod's Assorted Antiques.
 62689 | Elf:2    | Identified the ring of the Catfish {+Blink rPois rF+ Dex-2
                  | Slay+3} (You found it on level 2 of the Elven Halls)
 62706 | Elf:2    | Found a ruined gateway.
 62721 | Desolati | Entered the Desolation of Salt
 63123 | Elf:2    | Found a radiant altar of Vehumet.
 63239 | Elf:2    | Reached skill level 10 in Armour
 63666 | Elf:3    | Entered Level 3 of the Elven Halls
 63746 | Elf:3    | Received a gift from Okawaru
 63815 | Elf:3    | Received a gift from Okawaru
 63947 | Elf:3    | Identified the cursed +3 flail of Perfectionism {vorpal,
                  | rC+ MR+}
 63947 | Elf:3    | Identified the +1 chain mail of the Orb Guardian {+Blink
                  | Int+10 Dex-2}
 63947 | Elf:3    | Identified the ring "Goumytet" {rPois MR- Dex+6 Slay+6
                  | SInv}
 63963 | Elf:3    | Identified the ring of the Lily {rPois rC+ rCorr} (You
                  | found it on level 3 of the Elven Halls)
 64042 | Elf:3    | Gained mutation: You occasionally shout uncontrollably at
                  | your foes. [mutagenic glow]
 64091 | Elf:3    | Lost mutation: You expend magic power (3 MP) to strengthen
                  | your wands. [potion of mutation]
 64091 | Elf:3    | Lost mutation: Your flesh is cold resistant. (rC+) [potion
                  | of mutation]
 64091 | Elf:3    | Lost mutation: You occasionally shout uncontrollably at
                  | your foes. [potion of mutation]
 64091 | Elf:3    | Gained mutation: You are robust. (+10% HP) [potion of
                  | mutation]
 64091 | Elf:3    | Gained mutation: Your spells are a little easier to cast,
                  | but a little less powerful. [potion of mutation]
 64091 | Elf:3    | Gained mutation: You have a beak for a mouth. [potion of
                  | mutation]
 64166 | Elf:3    | Identified Sif Muna's Papyrus of Poison
 64277 | Elf:3    | Received a gift from Okawaru
 64385 | Elf:3    | Received a gift from Okawaru
 64385 | Elf:3    | Reached XP level 22. HP: 126/126 MP: 35/35
 65003 | Depths:1 | Entered Level 1 of the Depths
 65221 | Depths:1 | Noticed a juggernaut
 65243 | Depths:1 | HP: 6/126 [juggernaut (25)]
 65244 | Depths:1 | Slain by a spriggan defender

Illustrated notes

Levels and vault maps discovered:
D:1:      sevenhm_arrival_forest_fort_small_4, layout_basic
D:2:      layout_loops_ring
D:3:      layout_loops_ring
D:4:      layout_cave_pods, nemelex_xobeh_ov_fountains_minmay,
          minmay_temple_entry_glassed_door, uniq_edmund, uniq_duvessa
D:5:      layout_cave_pools, serial_shops, shop, ebering_ghost_disaster_area
D:6:      layout_loops_ring, lightli_ossuary_entry_decrepit_ruins, serial_shops,
          nicolae_shop_behind_doors, uniq_crazy_yiuf_cottage
D:7:      layout_basic, grunt_dithmenos_smoke, tgw_kikubaaqudgha
D:8:      layout_basic, chequers_temple_overflow_minitemple, serial_shops,
          nicolae_shop_stone, nicolae_shop_trees
D:9:      layout_cave_pools, serial_shops, nicolae_shop_overgrown_old_shop,
          uniq_gastronok
D:10:     layout_loops_ring, grunt_lair_entry_orc_guard_hut, basic_altar,
          minmay_diced_spiral
D:11:     layout_irregular_city, orc_0_dummy
D:12:     layout_grid_maze, basic_altar, drop_trap, tso_metal_star, uniq_rupert,
          uniq_snorg
D:13:     layout_cave_pools, grunt_vaults_entry_fortified, serial_park,
          serial_park_avenue1, basic_altar, uniq_kirke
D:14:     minmay_slanted_spiral_squares, layout_loops_cross,
          grunt_decor_mini_mirrors
D:15:     grunt_enter_depths_hoard, layout_basic, nicolae_wwwww
Lair:1:   layout_layer_cave, hangedman_lair_generics_rect,
          infiniplex_staircase_pool_2, uniq_grum
Lair:2:   layout_loops_ring, nicolae_swamp_entry_splash_gauntlet, serial_forest,
          infiniplex_forest_zigzag_1, infiniplex_forest_clump_cross,
          infiniplex_forest_clump_large, infiniplex_forest_fountain,
          infiniplex_forest_lined_3, infiniplex_forest_clump_double,
          infiniplex_forest_3_way, grunt_forest_large_clearings,
          minmay_lair_oklob_chamber
Lair:3:   layout_cave_pods, portal_ice_cave_demonic_guard, grunt_megastairs_5,
          serial_bayou_shore_a
Lair:4:   layout_regular_city, guppyfry_snake_entry_island,
          bobbens_ice_dragon_lair, serial_bayou_shore_b
Lair:5:   layout_long_grid, grunt_megastairs_2
Lair:6:   grunt_lair_end_beastmaster, layout_cave_pods,
          dpeg_slime_entry_enclosed_altar
Swamp:1:  layout_basic_swamp, evilmike_swamp_ruin_wall, uniq_jorgrun
Swamp:2:  layout_basic_swamp, evilmike_swamp_ruin_house_6, swamp_pool1,
          uniq_donald
Swamp:3:  layout_basic_swamp, infiniplex_staircase_pool, swamp_pool1,
          roderic_carrion_pond
Swamp:4:  swamp_vile, layout_basic_swamp, ebering_ghost_reflecting_pool,
          swamp_pool1
Snake:1:  layout_gridlike, serial_bayou_pond_e, minmay_shop_grove
Snake:2:  layout_misc_corridors, serial_bayou_ford_a
Snake:3:  layout_chambers, hangedman_snake_wide_pillar_pass,
          nicolae_snake_biting_tails, st_stairs_4, uniq_vashnia
Snake:4:  johnstein_snake_rune_scales, layout_cave_shapes
Orc:1:    layout_caves, uniq_erica, uniq_fannar, uniq_josephine
Orc:2:    grunt_orc_cross, layout_caves
Elf:1:    eino_elf_arrival_the_gate, layout_loops_cross,
          gammafunk_ghost_tricky_traps, serial_shops, shop,
          hangedman_elf_disciples, minivault_24
Elf:2:    layout_geoelf_diagonals, serial_shops,
          nicolae_shop_overgrown_old_shop, portal_desolation_entry_ruin,
          nicolae_elf_v_pinch, lemuel_statue_altar
Elf:3:    grunt_elf_hall_spiral, layout_geoelf_diagonals
Vaults:1: hangedman_vaults_river_flow, ontoclasm_vaults_chip, v_misc_9,
          v_misc_18, vaults_room_pool, layout_vaults_omnigrid, uniq_nikola
Vaults:2: nicolae_vaults_little_squares_2, nicolae_vaults_display_case,
          v_misc_12, nicolae_vaults_twisting_passages, nicolae_vaults_big_ls,
          v_misc_4, nicolae_vaults_ninety_degrees, hangedman_vaults_variations,
          ontoclasm_vaults_shuriken, ontoclasm_vaults_pinch,
          nicolae_vaults_hallways_thing, nicolae_vaults_ring_of_whatevers,
          vaults_mumra_lcd, layout_vaults_omnibox
Vaults:3: vaults_standard_mumra_lines, st_smaller_cells,
          nicolae_vaults_yaktaur_gun_rack, hangedman_vaults_slice,
          blue_anna_dwarven_crypt, vaults_room_pool, ontoclasm_vaults_gateway,
          layout_vaults_chaotic_city, serial_shops, shop, uniq_aizul,
          uniq_margery
Vaults:4: nicolae_vaults_network_barrier, grunt_vaults_funnel,
          vaults_dpeg_diagonal, vaults_room_grunt_arrival_ludios, v_rooms_1,
          layout_vaults_maze_snakey, serial_shops, bzr_entry_lakeside
Depths:1: hangedman_arch_fort, layout_long_grid, enter_ziggurat_e,
          enter_trove_2, pf_coc_iceberg, nrook_campfire, grunt_pan_entry_spiral,
          serial_bayou_pond_c, solitary_fountain, minmay_orc_keep,
          serial_bayou_shore_b

Skill      XL: |  1  2  3  4  5  6  7  8  9 10 11 12 13 14 15 16 17 18 19 20 21 |
---------------+----------------------------------------------------------------+-----
Dodging        | 4 5 6 7 9 10 11 12 13 15 19 22 | 22.0
Fighting       | 2 3 4 5 6 7 8 9 10 11 | 11.8
Short Blades   | 3 4 5 6 8 9 11 12 13 14 | 14.7
Translocations | 5 6 7 12 14 16 | 16.7
Stealth        | 3 6 9 11 12 13 15 17 18 | 18.6
Throwing       | 2 4 5 |  5.7
Invocations    | 4 6 7 10 11 12 13 14 | 14.4
Evocations     | 5 6 |  6.7
Armour         | 1 3 5 6 8 9 12 | 12.5
Shields        | 4 6 7 |  7.4
Crossbows      | 7 |  7.3
Spellcasting   | 8 |  8.9
Air Magic      | 7 |  7.2

Action                   |  1- 3 |  4- 6 |  7- 9 | 10-12 | 13-15 | 16-18 | 19-21 | 22-24 || total
-------------------------+-------+-------+-------+-------+-------+-------+-------+-------++-------
Melee: Short sword       |   170 |   130 |   358 |  1645 |   721 |       |       |       ||  3024
       Dagger            |    40 |   128 |       |       |       |       |       |       ||   168
       Punch             |       |       |       |     6 |     3 |       |       |       ||     9
       Quick blade       |       |       |       |       |  2419 |  1892 |  2747 |   117 ||  7175
       Peck              |       |       |       |       |       |       |    32 |    52 ||    84
 Fire: Hand crossbow     |       |       |       |       |       |   433 |    13 |       ||   446
Throw: Dart              |     4 |    82 |    38 |   157 |    43 |    18 |     1 |       ||   343
 Cast: Blink             |       |     2 |     2 |    27 |     8 |    11 |     2 |       ||    52
       Passage of Golubr |       |       |       |     1 |     2 |    14 |       |       ||    17
       Lesser Beckoning  |       |       |       |       |     1 |     9 |     4 |       ||    14
Invok: Heroism           |       |       |       |    13 |    12 |     7 |     4 |       ||    36
       Finesse           |       |       |       |     1 |     5 |     4 |     4 |       ||    14
Evoke: Wand              |       |       |       |    30 |     5 |    13 |     1 |       ||    49
       Condenser vane    |       |       |       |     2 |     5 |     2 |       |       ||     9
       Phantom mirror    |       |       |       |     1 |       |       |       |       ||     1
  Use: Scroll            |     8 |     2 |    11 |     9 |    15 |    18 |    18 |     1 ||    82
       Potion            |     1 |     1 |       |     8 |     3 |     7 |     3 |     1 ||    24
 Stab: Sleeping          |     5 |     2 |    14 |    29 |    43 |    44 |    59 |     1 ||   197
       Distracted        |       |       |     1 |     3 |     2 |     6 |    10 |     1 ||    23
       Confused          |       |       |       |     2 |     2 |       |       |       ||     4
       Paralysed         |       |       |       |     2 |       |     1 |       |       ||     3
       Petrifying        |       |       |       |       |       |     2 |       |       ||     2
       Petrified         |       |       |       |       |       |     1 |       |       ||     1
       Invisible         |       |       |       |       |       |     2 |       |       ||     2
Armor: Robe              |    17 |    19 |    12 |    42 |       |       |       |       ||    90
       Troll leather arm |       |       |       |    13 |    83 |    28 |       |       ||   124
       Fire dragon scale |       |       |       |       |       |    39 |   108 |     9 ||   156
Dodge: Dodged            |   260 |   229 |   266 |  1026 |  1478 |   737 |   884 |    25 ||  4905
       Repelled          |       |       |       |       |       |       |     5 |     1 ||     6
Block: Buckler           |       |       |       |       |   587 |   651 |   737 |    23 ||  1998
       Reflection        |       |       |       |       |       |    64 |    10 |       ||    74

Table legend: (Time is in decaauts)
 A = Elapsed time spent in this place.
 B = Non-inter-level travel time spent in this place.
 C = Inter-level travel time spent in this place.
 D = Time resting spent in this place.
 E = Time spent auto-exploring this place.
 F = Levels seen in this place.
 G = Mean time per level.
                   A        B        C        D        E       F      G
               +--------+--------+--------+--------+--------+-----+--------+
         Total |  46244 |  43820 |   2424 |  13999 |  19734 |  43 | 1075.4 |
       Dungeon |  19869 |  18530 |   1339 |   6858 |   7525 |  15 | 1324.6 |
          Lair |   5670 |   5211 |    459 |   1048 |   3052 |   6 |  945.0 |
         Swamp |   4352 |   4264 |     88 |   1506 |   1842 |   4 | 1088.0 |
     Snake Pit |   7387 |   7206 |    181 |   3045 |   2884 |   4 | 1846.8 |
  Orcish Mines |   2231 |   2118 |    113 |    969 |    718 |   2 | 1115.5 |
   Elven Halls |   2099 |   1992 |    107 |    216 |   1109 |   3 |  699.7 |
        Vaults |   3313 |   3179 |    134 |    211 |   2000 |   4 |  828.2 |
        Depths |     93 |     93 |      0 |      0 |     22 |   1 |   93.0 |
        Bazaar |    387 |    387 |      0 |      0 |    258 |   1 |  387.0 |
       Ossuary |    142 |    142 |      0 |      0 |     50 |   1 |  142.0 |
      Ice Cave |    665 |    665 |      0 |    143 |    268 |   1 |  665.0 |
    Desolation |     33 |     33 |      0 |      0 |      3 |   1 |   33.0 |
               +--------+--------+--------+--------+--------+-----+--------+

Top non-repeatable levels by time:
    D:12: 2453 daAuts
    D:10: 2369 daAuts
 Snake:4: 2356 daAuts
 Snake:3: 2269 daAuts
     D:2: 2044 daAuts
    D:11: 1766 daAuts
 Swamp:4: 1720 daAuts
 Snake:2: 1684 daAuts
    D:13: 1672 daAuts
   Orc:2: 1505 daAuts
  Lair:2: 1291 daAuts
     D:9: 1249 daAuts
Vaults:1: 1192 daAuts
 Swamp:3: 1149 daAuts
     D:6: 1090 daAuts
